Workbook

Sheet Haushaltsübersicht
A1: Einkommen | D1: Leben 1/3 | G1: Wohnen 1/3 | J1: Sparen für Ziele 1/3
A2: A: Lohn/Gehalt | D2: Gesamt-Optimum | E2: =B14/3 -> 0 | G2: Gesamt-Optimum | H2: =B14/3 -> 0 | J2: Gesamt-Optimum | K2: =B14/3 -> 0
A3: B: Lohn/Gehalt | D3: Ernährung | G3: Miete Zi/ qm | J3: 2. Kurzfristig (ungeplant) | K3: =(K2-K10)/3 -> 0
A4: Kindergeld | D4: Kleidung | G4: Baufinanzierung | J4: (Rücklagen Tagesgeld)
A5: Unterhalt | D5: Kinder / KITA | G5: Strom - Gas (& Wasser) | J5: 3. Mittelfristig (geplant) | K5: =(K2-K10)/3 -> 0
A6: Sonstiges | D6: Vergnügen / Hobby | G6: Müll & GEZ Gebühren | J6: (BS, Fonds, Edelmetalle)
A7: Summe | B7: =SUM(B2:B6) -> 0 | D7: Verkehr (Bus, Benzin, etc.) | G7: Internet - Tel. - Sky/Netflix | J7: 1. Langfristig (staatl.geförd.) | K7: =(K2-K10)/3 -> 0
A8: Abzüge | D8: Handy / Abo´s / Geschenke | G8: Stellplatz - Garage | J8: (Riester, Rürup, bAV, RV-LV)
A9: Schutzengel (10%) | B9: =B7*0.1 -> 0 | D9: Gesundheit / Friseur | G9: sonstige Verwaltung | J9: = p.a. Steuervorteil ca.
A10: Kredit€ | D10: Haustiere | G10: Grundsteuer | J10: 4. Sparen Kind(er) | K10: =B4/2 -> 0
A11: Sonstiges | D11: Zigaretten | G11: Sonstiges | J11: Kinder Sparanlagen
A12: Summe | B12: =SUM(B9:B11) -> 0 | D12: Summe | E12: =SUM(E3:E11) -> 0 | G12: Summe | H12: =SUM(H3:H11) -> 0 | J12: Summe | K12: =K4+K6+K8+K11 -> 0
D13: Mehr-/Minderausgaben | E13: =E2-E12 -> 0 | G13: Mehr-/Minderausgaben | H13: =H2-H12 -> 0 | J13: Mehr-/Mindersparen | K13: =K2-K12 -> 0
A14: Berechnungsgrundlage | B14: =B7-B12 -> 0 | D14: Finanznote | E14: =IF(ISERROR(Formeln!B4),"?",Formeln!B4) -> ? | G14: Finanznote | H14: =IF(ISERROR(Formeln!C4),"?",Formeln!C4) -> ? | J14: Finanznote | K14: =IF(ISERROR(Formeln!D4),"?",Formeln!D4) -> ?
J15: Wochenstunden | K15: 40
C16: * = Auszahl. ca.€ | J16: Konsum : eff. Stundenlohn | K16: =((B14-E12-H12)/4)/K15 -> 0
A17: Schutzengel | G17: Haushaltsbudget von
A18: Gesamt-Optimum | B18: =B9 -> 0
A19: A: BU-Schutz mtl. | C19: *
A20: B: BU-Schutz mtl. | C20: * | G20: Giro
A21: Pflegefall | G21: Tagesgeld | J21: akt. Vermögensstand:
A22: Hinterbleibenenschutz | G22: Investment | J22: =SUM(H20:H24) -> 0
A23: Unfallabsicherung | G23: Bausparen
A24: Krankenzusatz / Zahnabs. | G24: Kredit
A25: Vermögenssicherung | J25: Gesamtübersicht
A26: Recht | J26: Berechnungsgrundlage | K26: =B14 -> 0
A27: KFZ/Motorrad | J27: - Leben/Wohnen/Sparen | K27: =H12+E12+K12 -> 0
A28: Summe | B28: =SUM(B19:B27) -> 0 | J28: Konsum oder Vermögen ?! p.a. | K28: =(K26-K27)*12 -> 0
G29: gefühlte Note | J29: Konsum oder Vermögen ?! mtl. | K29: =K26-K27 -> 0
A30: =IF(B30>=0,"Fehlbetrag Absicherung","Überprüfen Absicherung") -> Fehlbetrag Absicherung | B30: =B18-B28 -> 0 | G30: Wunschnote | J30: Ihre Finanznote = | K30: =IF(ISERROR(Formeln!E4),"?",IF(K29<0,"†",Formeln!E4)) -> ?

Sheet Erläuterung
A1: I) Leben, Wohnen, Sparen
B2: 1) | C2: Verwendung des IHK-Notenschlüssels von 2 - 6
B3: 2) | C3: Normierung von 0 - 91% auf 100% (Note 1 nicht zulässig)
A5: II) Schutzengel
C6: Gruppe A: | D6: BU, Pflege, Tod, Unfall | F6: => | G6: Gewichtung 1/2
C7: Gruppe B: | D7: KV-Zusatz | F7: => | G7: Gewichtung 1/3
C8: Gruppe C: | D8: Vermögenssicherung | F8: => | G8: Gewichtung 1
C9: Gruppe D: | D9: KFZ | F9: => | G9: Gewichtung 0
C10: (Einschätzung der Gewichtung abhängig von der Beitragsgröße und der Bedeutsamkeit)
A12: III) Beurteilung Verhältnis des Sparbeitrags zur Berechnungsgrundlage
C13: Prozentualer Durchschnitt von L, W, S
A15: Gesamtnote
B16: 1) | C16: Maximum zwischen II) und III) ermitteln: > 119% folglich | H16: Abstufung auf -- (enormes Sparpotenzial noch nicht ausgenutzt)
F17: < 120% folglich | H17: Einstufung mittels +/-
B18: 2) | C18: Falls Sparbetrag negativ: | F18: ACHTUNG Ausgaben > Einnahmen

Sheet Formeln
A1: Formelseite - bitte nichts verändern
B3: Leben | C3: Wohnen | D3: Sparen | E3: Schutzengel
B4: =VLOOKUP(B5,A6:B16,2) -> #DIV/0! | C4: =VLOOKUP(C5,A6:C16,3) -> #DIV/0! | D4: =VLOOKUP(D5,A6:D16,4) -> #DIV/0! | E4: =CONCATENATE(ROUND((B4+C4+D4)/3-VLOOKUP(E5,A6:F16,5),2),VLOOKUP(E5,A6:F16,6)) -> #DIV/0!
B5: =(Haushaltsübersicht!E2+Haushaltsübersicht!E13)/Haushaltsübersicht!E2*91% -> #DIV/0! | C5: =(Haushaltsübersicht!H2+Haushaltsübersicht!H13)/Haushaltsübersicht!H2*91% -> #DIV/0! | D5: =(Haushaltsübersicht!K2-Haushaltsübersicht!K13)/Haushaltsübersicht!K2*91% -> #DIV/0! | E5: =IF(G5>=A16,G5,F5) -> #DIV/0! | F5: =(SUM(Haushaltsübersicht!B19:B22)/2+Haushaltsübersicht!B23/3+SUM(Haushaltsübersicht!B24:B26))/Haushaltsübersicht!B18 -> #DIV/0! | G5: =(B5+C5+D5)/3 -> #DIV/0!
A6: -1.5 | B6: 6 | C6: 6 | D6: 6 | E6: 0 | F6: – –
A7: 0.3 | B7: 5.5 | C7: 5.5 | D7: 5.5 | E7: 0 | F7: –
A8: 0.4 | B8: 5 | C8: 5 | D8: 5 | E8: 0 | F8: –
A9: 0.5 | B9: 4.5 | C9: 4.5 | D9: 4.5 | E9: 0 | F9: +
A10: 0.59 | B10: 4 | C10: 4 | D10: 4 | E10: 0 | F10: +
A11: 0.67 | B11: 3.5 | C11: 3.5 | D11: 3.5 | E11: 0 | F11: +
A12: 0.75 | B12: 3 | C12: 3 | D12: 3 | E12: 0 | F12: ++
A13: 0.81 | B13: 2.5 | C13: 2.5 | D13: 2.5 | E13: 0 | F13: ++
A14: 0.87 | B14: 2 | C14: 2 | D14: 2 | E14: 0.5
A15: 1 | B15: 2 | C15: 2 | D15: 2 | E15: 1
A16: 1.2 | B16: 2 | C16: 2 | D16: 2 | E16: 0 | F16: – –
B19: Leben | C19: 100 | E19: Leben | F19: =Haushaltsübersicht!E12 -> 0
B20: Wohnen | C20: 100 | E20: Wohnen | F20: =Haushaltsübersicht!H12 -> 0
B21: Sparen | C21: 100 | E21: Sparen | F21: =Haushaltsübersicht!K12 -> 0
B22: Überschuss | C22: 0 | E22: EUR | F22: =Haushaltsübersicht!K29 -> 0
